AoeStats
← Tt5

Hideout

508960615Analyzed
1v1 RM · 6d ago on Sep 24, 2026· 44m 19s· 2 players
Game mode
Random Map
Map size
Tiny (2 player)
Population
200
Speed
Normal
Resources
Standard
Victory
Conquest
Starting age
Dark Age
Ending age
Imperial Age
RankedLock teamsTeams togetherTeam positionsShared explorationLock speedFull tech treeHidden civsTurbo modeCheats
Victory
Defeat
🇨🇦 Mongols · Canada
551
+15
🇨🇦 Gurjaras · Canada
538
-15
Tt5
0:52 Loom
12:10 Feudal Age
19:59 Castle Age
20:55 Husbandry
22:10 Scale Barding Armor
21:54 Town Watch
24:59 Scale Mail Armor
28:11 Arson
29:46 Bloodlines
29:57 Forging
32:05 Kshatriyas
32:42 Horse Collar
35:10 Iron Casting
34:51 Chain Mail Armor
35:14 Town Patrol
35:46 Murder Holes
39:47 Imperial Age
38:41 Masonry
38:43 Fletching
39:40 Bodkin Arrow
40:27 Ballistics
40:50 Conscription
42:53 Plate Mail Armor
Luizmbl
9:37 Loom
12:08 Feudal Age
12:41 Double-Bit Axe
15:14 Gold Mining
15:49 Horse Collar
19:24 Stone Mining
22:20 Castle Age
20:53 Bloodlines
21:39 Fletching
21:49 Padded Archer Armor
22:34 Town Watch
23:29 Bow Saw
23:33 Husbandry
24:17 Stone Shaft Mining
25:32 Gold Shaft Mining
25:00 Heavy Plow
26:35 Bodkin Arrow
29:52 Leather Archer Armor
29:49 Forging
29:45 Scale Barding Armor
32:10 Iron Casting
38:00 Imperial Age
36:38 Ballistics
37:16 Town Patrol
42:20 Chemistry
Connection lost

Rejoining the realm…

Still unreachable

The connection could not be restored.

Session expired

The server has moved on; the page needs a fresh start.